Map: Lightshade LE

Players

zuka - Winner!

  • Race: Protoss Protoss
  • League: Master
  • Spawn Location: 5:00

ElTwingo

  • Race: Terran Terran
  • League: Master
  • Spawn Location: 11:00

VOD

Have the link to the VOD?

Description

Time

  • Played on: Nov. 24, 2020, 2:11 p.m.
  • Length: 13:27
Show
View Real Time Build Order
Export as new Build Order

zuka Protoss - Winner!

Build Orders: 1 Gate Expand, Blink Stalkers 

Get SALT Encoding   

  12  0:00  Probe  
  13  0:13  Probe  
  14  0:17  Pylon  
  14  0:25  Probe (Chrono Boost)  
  16  0:37  Gateway, Probe (Chrono Boost)  
  16  0:41  Probe (Chrono Boost)  
  16  0:46  Assimilator  
  17  0:52  Probe  
  18  1:04  Probe  
  19  1:16  Probe  
  20  1:23  Nexus  
  20  1:33  Cybernetics Core  
  20  1:36  Probe  
  21  1:41  Assimilator  
  21  1:48  Probe  
  21  1:52  Pylon  
  22  2:00  Probe  
  23  2:07  Adept (Chrono Boost)  
  23  2:11  Warp Gate  
  23  2:13  Probe  
  26  2:19  Shield Battery  
  26  2:25  Probe  
  27  2:30  Adept  
  27  2:35  Probe  
  30  2:41  Twilight Council  
  31  2:45  Probe (Chrono Boost)  
  31  2:47  Probe (Chrono Boost)  
  32  2:56  Probe (Chrono Boost)  
  32  2:58  Probe (Chrono Boost)  
  34  3:01  Probe (Chrono Boost)  
  34  3:04  Robotics Facility  
  36  3:12  Probe  
  36  3:15  Probe  
  36  3:16  Blink (Chrono Boost)  
  37  3:25  Probe  
  38  3:27  Probe  
  39  3:36  Gateway  
  39  3:37  Probe  
  39  3:39  Gateway  
  41  3:44  Probe  
  41  3:45  Gateway  
  41  3:49  Probe  
  41  3:51  Pylon  
  41  3:52  Observer (Chrono Boost)  
  41  3:55  Shield Battery  
  43  3:58  Pylon  
  43  4:00  Probe  
  44  4:06  Probe  
  44  4:09  Stalker  
  48  4:18  Probe  
  48  4:20  Warp Prism  
  48  4:23  Pylon  
  50  4:25  Assimilator  
  50  4:32  Stalker  
  50  4:33  Stalker  
  50  4:37  Stalker  
  56  4:39  Probe x2  
  56  4:44  Stalker  
  60  4:50  Pylon  
  60  5:03  Stalker x3  
  66  5:14  Pylon  
  66  5:17  Nexus  
  66  5:20  Probe  
  67  5:26  Probe  
  67  5:28  Robotics Bay  
  68  5:32  Probe  
  69  5:39  Probe  
  69  5:40  Charge (Chrono Boost)  
  62  5:44  Probe, Zealot x2  
  62  5:45  Zealot  
  69  5:51  Probe  
  69  5:52  Forge  
  69  5:57  Probe  
  71  6:01  Observer  
  71  6:03  Probe  
  76  6:06  Pylon  
  76  6:09  Probe  
  77  6:13  Colossus (Chrono Boost)  
  77  6:15  Probe, Extended Thermal Lance  
  80  6:18  Pylon  
  80  6:21  Probe  
  80  6:24  Forge  
  81  6:28  Probe  
  83  6:33  Zealot x2, Probe, Assimilator  
  83  6:34  Zealot  
  83  6:37  Probe  
  83  6:38  Shield Battery  
  90  6:40  Probe  
  91  6:48  Probe  
  91  6:49  Probe  
  91  6:53  Probe  
  94  6:56  Protoss Ground Armor Level 1 (Chrono Boost), Pylon  
  94  6:59  Colossus (Chrono Boost)  
  94  7:00  Probe  
  101  7:02  Protoss Ground Weapons Level 1 (Chrono Boost)  
  101  7:05  Probe  
  103  7:12  Zealot  
  103  7:13  Zealot x2  
  103  7:14  Pylon  
  108  7:17  Sentry  
  110  7:23  Pylon, Shield Battery  
  110  7:29  Pylon  
  110  7:34  Zealot x3  
  116  7:44  Colossus (Chrono Boost)  
  114  7:46  Zealot  
  116  7:53  Gateway  
  116  7:54  Gateway  
  116  7:56  Gateway, Zealot x2  
  116  7:58  Pylon  
  106  8:07  Probe x3  
  95  8:16  Zealot x4  
  98  8:20  Probe x2  
  98  8:21  Probe  
  101  8:31  Templar Archives  
  101  8:32  Probe  
  101  8:33  Probe x2  
  104  8:34  Pylon  
  104  8:37  Zealot x4  
  104  8:39  Pylon  
  104  8:40  Warp Prism  
  114  8:52  Pylon  
  114  8:57  Protoss Ground Armor Level 2 (Chrono Boost), Nexus, Protoss Ground Weapons Level 2 (Chrono Boost)  
  114  9:03  Observer  
  114  9:08  High Templar x2  
  114  9:09  High Templar x2  
  122  9:11  Assimilator  
  122  9:13  Archon x2  
  122  9:14  Zealot  
  122  9:15  Zealot  
  122  9:16  Assimilator  
  126  9:21  Zealot  
  128  9:26  Psionic Storm  
  128  9:40  Photon Cannon  
  128  9:42  Photon Cannon, Zealot x2  
  128  9:43  Pylon, Zealot  
  134  9:52  Immortal (Chrono Boost)  
  134  9:53  High Templar x2  
  134  9:58  Zealot  
  134  9:59  Pylon  
  144  10:00  Pylon  
  144  10:05  Zealot x2  
  144  10:06  Zealot  
  149  10:12  Probe x2  
  149  10:13  Probe  
  146  10:15  Archon  
  146  10:21  Stalker x2  
  142  10:24  Probe  
  142  10:25  Probe  
  142  10:26  Probe  
  139  10:33  Colossus  
  145  10:36  Probe  
  145  10:37  Probe  
  145  10:38  Probe  
  148  10:44  Zealot x4  
  148  10:48  Probe  
  157  10:52  Pylon  
  157  10:53  Pylon  
  157  10:57  Pylon  
  157  10:59  High Templar x2  
  157  11:01  High Templar  
  163  11:07  Zealot x3  
  163  11:08  Zealot  
  171  11:28  Zealot x4  
  177  11:39  Zealot x3  
  181  11:50  Archon  
  153  11:55  Zealot x4  
  147  12:05  Probe  
  147  12:06  Colossus (Chrono Boost)  
  147  12:07  Probe x2  
  140  12:10  High Templar x2  
  140  12:11  High Templar  
  140  12:14  Gateway  
  150  12:16  Gateway  
  150  12:18  Gateway  
  150  12:21  Gateway  
  152  12:24  Gateway  
  152  12:26  Gateway  
  152  12:29  Gateway, Dark Shrine  
  146  12:32  Zealot x4  
  146  12:35  Assimilator  
  152  12:42  Assimilator  
  152  12:50  Gateway  
  152  12:55  Gateway  
  152  12:57  Gateway, Zealot x3  
  152  12:58  Zealot  
  166  13:18  Zealot x4  
  166  13:19  Zealot x7  
Show
View Real Time Build Order
Export as new Build Order

ElTwingo Terran 

Build Orders: Reaper Expand 

Get SALT Encoding   

  12  0:00  SCV  
  13  0:12  SCV  
  14  0:17  Supply Depot  
  14  0:24  SCV  
  15  0:38  SCV  
  15  0:39  Barracks  
  16  0:43  Refinery  
  16  0:50  SCV  
  17  1:03  SCV  
  18  1:15  SCV  
  19  1:26  Reaper  
  19  1:27  Orbital Command  
  20  1:41  Command Center  
  20  1:53  SCV  
  21  1:56  Supply Depot  
  21  1:58  Marine  
  22  2:05  SCV  
  23  2:08  Factory  
  23  2:17  SCV  
  23  2:19  Barracks Reactor  
  24  2:24  Bunker  
  24  2:29  SCV  
  25  2:36  Refinery  
  25  2:42  SCV  
  26  2:54  SCV  
  26  2:56  Widow Mine  
  29  2:59  Marine  
  29  3:00  Marine  
  29  3:01  Orbital Command  
  29  3:05  Starport  
  31  3:08  SCV  
  32  3:17  Marine x2  
  34  3:20  SCV  
  35  3:27  SCV  
  35  3:30  Widow Mine  
  35  3:32  SCV  
  39  3:34  Barracks  
  39  3:39  SCV  
  40  3:43  Supply Depot  
  40  3:45  SCV  
  41  3:53  SCV  
  41  3:54  Starport Tech Lab, Marine x2  
  41  3:55  Factory Tech Lab  
  44  3:57  Medivac  
  46  4:02  Barracks  
  46  4:04  SCV  
  46  4:07  SCV  
  51  4:17  Siege Tank, Marine x2  
  51  4:21  SCV  
  54  4:25  Supply Depot  
  54  4:26  Supply Depot  
  54  4:33  Barracks Tech Lab  
  54  4:39  Supply Depot  
  54  4:45  Viking, SCV, Marine x2  
  59  4:47  SCV  
  59  4:49  Siege Tank  
  63  4:54  Marauder, Marine  
  62  5:02  SCV x2  
  62  5:03  Marine x2  
  62  5:05  Supply Depot  
  64  5:11  Bunker, Marine  
  65  5:16  Viking, Marauder  
  65  5:20  Marine  
  65  5:21  Marine  
  70  5:29  Marine  
  70  5:37  Marauder  
  70  5:38  Marine  
  70  5:39  Marine  
  72  5:43  SCV x2  
  72  5:46  Stimpack  
  74  5:50  Starport Reactor  
  74  5:54  Refinery  
  74  5:55  SCV, Engineering Bay  
  74  5:57  Factory Reactor  
  75  5:58  Marauder  
  75  6:02  Supply Depot  
  77  6:05  SCV  
  77  6:07  SCV  
  77  6:08  Barracks  
  77  6:09  Marine, Combat Shield  
  77  6:10  Barracks, Marine x2  
  82  6:17  SCV  
  83  6:19  SCV, Marine  
  83  6:24  Supply Depot  
  85  6:27  Marine  
  85  6:28  Terran Infantry Weapons Level 1  
  85  6:29  Supply Depot  
  85  6:30  SCV, Supply Depot  
  85  6:31  SCV  
  85  6:32  Marine  
  89  6:42  Marauder x2  
  91  6:49  Medivac  
  91  6:50  SCV x2  
  95  7:03  Marauder x2  
  95  7:08  Barracks Tech Lab, Barracks Reactor  
  99  7:10  Marine x2  
  101  7:20  Medivac  
  103  7:25  Marauder x2, Supply Depot  
  103  7:26  Supply Depot  
  103  7:28  Concussive Shells, Marine x3  
  104  7:45  Marine x2  
  104  7:46  Marauder x2, Marine  
  104  7:47  Marine x2  
  110  7:53  Viking  
  112  8:03  Marine x3  
  112  8:05  Marine  
  100  8:07  Marauder  
  100  8:08  Marauder, Marine  
  75  8:21  Marine x2  
  75  8:22  Marauder, Marine  
  75  8:23  SCV x2  
  75  8:25  Terran Infantry Armor Level 1  
  75  8:26  Marine  
  87  8:29  Marauder  
  87  8:32  Command Center  
  89  8:38  Medivac x2  
  89  8:40  SCV  
  90  8:42  Factory Tech Lab  
  90  8:43  Marine  
  90  8:44  Marauder x2, Supply Depot, Marine  
  90  8:45  Supply Depot  
  90  8:48  Marine x2  
  98  8:50  Marauder  
  100  9:01  Marine  
  101  9:03  Marine  
  101  9:05  Marauder x2, Marine  
  101  9:08  Viking  
  109  9:10  Siege Tank  
  109  9:12  Marauder  
  109  9:13  Marine  
  115  9:19  Marine  
  115  9:20  Marine  
  115  9:23  Marine  
  118  9:26  Marauder, Marine  
  118  9:30  Marine  
  122  9:33  Marauder, Refinery  
  122  9:37  Marine  
  125  9:38  Marine  
  125  9:41  Marine  
  125  9:43  Viking x2  
  125  9:44  Marauder  
  133  9:47  Marine  
  133  9:48  Marine  
  135  9:54  Marine  
  135  9:55  Marine  
  137  10:00  Marine  
  137  10:01  Marine  
  137  10:06  Marauder x2  
  142  10:11  Marine  
  142  10:12  Marauder  
  136  10:17  Orbital Command  
  133  10:27  Marine x3  
  133  10:28  Marauder x2, Marine  
  134  10:32  Viking  
  134  10:34  Viking, Marauder  
  141  10:38  Orbital Command  
  141  10:45  Marine x2  
  147  10:50  Marauder x2  
  147  10:58  Marauder, Marine  
  150  11:08  Marine x3  
  150  11:10  SCV  
  158  11:11  Marauder x2  
  158  11:15  Marine  
  159  11:19  Marauder  
  159  11:23  Supply Depot  
  161  11:26  SCV x2, Marine x2  
  167  11:32  Marauder  
  97  11:54  Marine  
  97  11:55  Marauder x2, Marine  
  97  11:58  Marauder, Marine  
  88  12:03  Marine  
  83  12:08  SCV x3  
  83  12:12  Marine  
  83  12:15  Marine  
  83  12:16  Marauder  
  83  12:17  Marauder  
  83  12:20  SCV x3  
  83  12:21  Marine  
  91  12:33  SCV x2  
  91  12:34  Medivac x2  
  98  12:39  Marine  
  98  12:45  SCV x2  
  98  12:50  Marine x2  
  98  12:51  Marauder x2, Marine  
  107  12:57  Marine  
  110  13:08  SCV x2, Marine x2  
Tags
 
Add a new tag
Caveats
  • Supply blocks, unpowered buildings, or Contaminate may cause inaccurate times.
  • Supply counts are checked every 10 seconds.